Senators vs Flames

Created - December 13, 2015 at 10:26

Goals
1 2 3 OT1 SO T
Senators 1 0 4 0 3 6
Flames 4 1 0 0 1 5
Shots
1 2 3 OT1 SO T
Senators 14 18 17 1 3 50
Flames 14 9 3 2 2 28

1st period

1. Flames , Jarret Stoll 2 (Erik Johnson, Justin Faulk) at 5:29 (PP)
2. Flames , Alex Tanguay 17 (Erik Johnson) at 8:07
3. Flames , Alex Tanguay 18 (Jack Johnson) at 13:57 (PP)
4. Senators , Mark Stone 16 (Sidney Crosby, Jason Garrison) at 15:10
5. Flames , Bobby Ryan 5 (Justin Faulk, Anze Kopitar) at 15:38

Penalties :
Jan Hejda (OTT) for Diving (Minor) at 0:11, David Perron (CGY) for Holding (Minor) at 0:24, Sergei Gonchar (OTT) for Tripping (Minor) at 4:43, Anze Kopitar (CGY) for Roughing (Minor) at 10:06, Marko Dano (OTT) for Tripping (Minor) at 12:15, Erik Johnson (CGY) for Cross-checking (Minor) at 17:07

2nd period

6. Flames , Andrej Nestrasil 4 (Stephane Robidas, Antoine Vermette) at 3:21

Penalties :
Jan Hejda (OTT) for Tripping (Minor) at 1:17, Jarret Stoll (CGY) for Tripping (Minor) at 6:44, Jack Johnson (CGY) for Roughing (Minor) at 9:01, Bryan Bickell (CGY) for Roughing (Minor) at 11:16, Eric Staal (OTT) for High sticking (Minor) at 11:43, Erik Johnson (CGY) for Slashing (Minor) at 17:57

3rd period

7. Senators , Sidney Crosby 10 (Jan Hejda, Jason Garrison) at 0:18
8. Senators , Mark Stone 17 (Sidney Crosby, Pascal Dupuis) at 0:46
9. Senators , Eric Staal 8 (Mika Zibanejad, Jan Hejda) at 7:53
10. Senators , Eric Staal 9 (Jason Garrison, Mike Hoffman) at 13:53

Penalties :
Justin Faulk (CGY) for Hooking (Minor) at 17:58

Overtime #1

No Goal

Penalties :
Sidney Crosby (OTT) for Hooking (Minor) at 0:24

Shootout

Penalty Shot by Sidney Crosby for Senators - Goal!
Penalty Shot by Andrew Miller for Flames - Stopped by Andrew Hammond
Penalty Shot by Mark Stone for Senators - Goal!
Penalty Shot by Antoine Vermette for Flames - Goal!
Penalty Shot by Eric Staal for Senators - Goal!

Penalties :
No Penalty

Goalie Stats

Andrew Hammond (OTT), 19 saves from 22 shots - (0.864), W, 17-5-4, 57:29 minutes
Tuukka Rask (OTT), 4 saves from 6 shots - (0.667), 7:31 minutes
Ben Bishop (CGY), 45 saves from 50 shots - (0.900), OTL, 15-10-4, 65:00 minutes

Players Stats for Senators

Player Name              G  A  P  +/- PIM S  H  SB GA TA FO     MP     PP MP  PK MP  
------------------------------------------------------------------------------------
Chris Phillips           0  0  0   0  0   1  0  1  0  0  0/0    11:01   0:00   2:40 
Devin Setoguchi          0  0  0   0  0   0  0  0  0  0  0/0     6:00   0:00   2:45 
Duncan Keith             0  0  0  -2  0   1  0  1  0  0  0/0    17:09   0:00   0:00 
Eric Staal               2  0  2   0  2   10 4  0  0  0  0/0    22:57   6:11   0:40 
Jan Hejda                0  2  2   4  4   2  1  2  0  0  0/0    24:40   5:58   2:16 
Jared Cowen              0  0  0   0  0   0  1  0  0  0  0/0    23:01   5:58   2:37 
Jason Garrison           0  3  3   4  0   1  0  3  0  0  0/0    25:36   5:53   3:16 
Marc Methot              0  0  0  -2  0   0  5  1  0  0  0/0    18:29   0:43   2:27 
Mark Stone               2  0  2   2  0   6  1  0  0  0  1/3    22:56   5:39   0:00 
Marko Dano               0  0  0   0  2   2  1  1  0  0  9/17   13:17   0:43   1:22 
Matt Read                0  0  0   0  0   0  0  0  0  0  3/6     7:15   0:00   4:00 
Mika Zibanejad           0  1  1   0  0   7  7  0  0  0  1/2    21:13   6:22   1:04 
Mike Hoffman             0  1  1   0  0   4  2  0  0  0  6/37   23:25   6:22   0:00 
Milan Michalek           0  0  0   0  0   1  0  0  0  0  0/1    11:04   0:00   2:22 
Pascal Dupuis            0  1  1   2  0   1  2  1  0  0  2/2    20:13   6:12   0:00 
Sergei Gonchar           0  0  0   0  2   0  0  2  0  0  0/0    10:01   6:36   0:56 
Sidney Crosby            1  2  3   2  2   12 1  0  0  0  19/32  23:15   6:12   0:00 
Steve Bernier            0  0  0   0  0   2  0  0  0  0  0/0     7:58   0:00   0:00 

Players Stats for Flames

Player Name              G  A  P  +/- PIM S  H  SB GA TA FO     MP     PP MP  PK MP  
------------------------------------------------------------------------------------
Alex Tanguay             2  0  2  -1  0   4  0  0  0  0  1/4    23:31   2:12   3:34 
Andrej Nestrasil         1  0  1   0  0   1  0  0  0  0  2/3    17:41   0:00   2:00 
Andrew MacDonald         0  0  0   0  0   0  0  0  0  0  0/0     1:10   0:00   1:10 
Andrew Miller            0  0  0  -1  0   0  0  0  0  0  2/2    21:20   2:55   7:05 
Antoine Vermette         0  1  1  -1  0   4  0  0  0  0  22/36  22:41   2:50   3:34 
Anze Kopitar             0  1  1  -1  2   3  1  1  0  0  11/18  21:19   2:17   1:32 
Bobby Ryan               1  0  1  -1  0   3  4  0  0  0  0/1    14:58   0:00   0:00 
Bryan Bickell            0  0  0   0  2   0  2  0  0  0  0/0     3:33   0:00   1:01 
David Perron             0  0  0  -1  2   4  1  0  0  0  1/1    13:35   2:49   0:00 
Erik Johnson             0  2  2   0  4   2  5  2  0  0  0/0    28:32   2:03   4:52 
Jack Johnson             0  1  1  -1  2   1  2  2  0  0  0/0    23:12   3:04   4:15 
Jared Spurgeon           0  0  0   0  0   0  0  0  0  0  0/0     0:00   0:00   0:00 
Jarret Stoll             1  0  1   0  2   2  3  0  0  0  19/33  22:09   2:17   6:22 
Justin Faulk             0  2  2   0  2   2  0  1  0  0  0/0    28:50   2:03   5:42 
Kevan Miller             0  0  0  -1  0   1  1  1  0  0  0/0    20:18   3:04   3:46 
Matt Cullen              0  0  0   0  0   1  0  0  0  0  1/2    13:17   0:00   0:00 
Stephane Robidas         0  1  1  -1  0   0  3  0  0  0  0/0    12:45   0:00   0:00 
Thomas Hickey            0  0  0  -1  0   0  1  1  0  0  0/0    15:09   0:00   5:23 

3 Stars

1 - Jason Garrison (OTT)
2 - Mark Stone (OTT)
3 - Sidney Crosby (OTT)

Power Play

Senators - 0 on 8 Attempt(s) - 0.00%
Flames - 2 on 6 Attempt(s) - 33.33%

Penalty Kill

Senators - 4 on 6 Attempt(s) - 66.67% - Score 0 goal in Penalty Kill
Flames - 8 on 8 Attempt(s) - 100.00% - Score 0 goal in Penalty Kill

Team Stat

Senators - Hits : 25 - Faceoff Wins : 41 - Blocked Shots : 12 - Penalty Minutes : 12
Flames - Hits : 23 - Faceoff Wins : 59 - Blocked Shots : 8 - Penalty Minutes : 16

Official

Referees : Darcy Burchell and Marc Joannette
Linesman : Tim Nowak and Steve Barton

Game Notes

Tuukka Rask enters game at 8:07 of 1st period
Andrew Hammond enters game at 15:38 of 1st period

Finance

Level 1 -- Attendance: 6057 (93.18%) -- Ticket Income $666,270
Level 2 -- Attendance: 4606 (92.12%) -- Ticket Income $345,450
Level 3 -- Attendance: 3314 (94.69%) -- Ticket Income $198,840
Level 4 -- Attendance: 2616 (79.54%) -- Ticket Income $104,640
Luxury Box -- Attendance: 902 (90.20%) -- Ticket Income $180,400
Game was played at the Scotiabank Saddledome.
Total Attendance: 17495 (90.70%)
Total Ticket Income: $1,495,600
Other Income: $224,340
Total Income: $1,719,940

% Time on Ice - Senators

Lines # - Real PCT - Wanted PCT - Time Play
Normal Forward
1 - 36% - 36% - 14:01
2 - 35% - 34% - 13:47
3 - 20% - 20% - 7:58
4 - 8% - 10% - 3:15
Normal Defense
1 - 37% - 36% - 14:25
2 - 35% - 34% - 13:45
3 - 21% - 20% - 8:21
4 - 6% - 10% - 2:30
PP Forward
1 - 51% - 50% - 6:22
2 - 49% - 50% - 6:12
PP Defense
1 - 53% - 50% - 6:36
2 - 47% - 50% - 5:58
PK Forward
1 - 46% - 50% - 2:22
2 - 54% - 50% - 2:45
PK Defense
1 - 48% - 50% - 2:27
2 - 52% - 50% - 2:40
PK3 Forward
1 - 46% - 50% - 0:55
2 - 54% - 50% - 1:04
PK3 Defense
1 - 47% - 50% - 0:56
2 - 53% - 50% - 1:03
44 Forward
1 - 48% - 52% - 3:03
2 - 52% - 48% - 3:16
44 Defense
1 - 57% - 52% - 3:35
2 - 43% - 48% - 2:44
Last Minute Offensive  - 0:00
Last Minute Defensive  - 0:00
Total
Forward - 65:00
Defense - 65:00

% Time on Ice - Flames

Lines # - Real PCT - Wanted PCT - Time Play
Normal Forward
1 - 38% - 40% - 14:58
2 - 28% - 30% - 10:46
3 - 28% - 20% - 10:44
4 - 7% - 10% - 2:33
Normal Defense
1 - 41% - 40% - 15:57
2 - 33% - 30% - 12:45
3 - 25% - 20% - 9:46
4 - 1% - 10% - 0:33
PP Forward
1 - 55% - 60% - 2:50
2 - 45% - 40% - 2:17
PP Defense
1 - 40% - 60% - 2:03
2 - 60% - 40% - 3:04
PK Forward
1 - 72% - 60% - 9:00
2 - 28% - 40% - 3:34
PK Defense
1 - 58% - 60% - 7:15
2 - 42% - 40% - 5:19
PK3 Forward
1 - 0% - 60%
2 - 0% - 40%
PK3 Defense
1 - 0% - 60%
2 - 0% - 40%
44 Forward
1 - 66% - 60% - 5:31
2 - 34% - 40% - 2:47
44 Defense
1 - 62% - 60% - 5:09
2 - 38% - 40% - 3:09
Last Minute Offensive  - 0:00
Last Minute Defensive  - 0:00
Total
Forward - 65:00
Defense - 65:00

Play by Play

1st period


0:01 of 1st period - Anze Kopitar wins face-off versus Sidney Crosby in neutral zone.
0:10 of 1st period - Shot by Bobby Ryan.
0:10 of 1st period - Stopped by Andrew Hammond without a rebound.
0:11 of 1st period - Antoine Vermette wins face-off versus Mike Hoffman in Senators zone.
0:11 of 1st period - Minor Penalty to Jan Hejda for Diving.
0:12 of 1st period - Marko Dano wins face-off versus Antoine Vermette in Senators zone.
0:24 of 1st period - Minor Penalty to David Perron for Holding.
0:25 of 1st period - Sidney Crosby wins face-off versus Antoine Vermette in Flames zone.
0:28 of 1st period - Shot by Eric Staal.
0:28 of 1st period - Stopped by Ben Bishop with a rebound.
1:06 of 1st period - Shot by Antoine Vermette.
1:06 of 1st period - Shot Misses the Net.
1:27 of 1st period - Icing by Marc Methot.
1:28 of 1st period - Jarret Stoll wins face-off versus Mike Hoffman in Senators zone.
2:07 of 1st period - Mark Stone is hit by Kevan Miller and loses puck.
2:40 of 1st period - Jared Cowen is hit by Bryan Bickell and loses puck.
2:56 of 1st period - Shot by Chris Phillips.
2:56 of 1st period - Shot Misses the Net.
2:58 of 1st period - Shot by Milan Michalek.
2:58 of 1st period - Shot Misses the Net.
3:02 of 1st period - Shot by Steve Bernier.
3:02 of 1st period - Stopped by Ben Bishop without a rebound.
3:03 of 1st period - Sidney Crosby wins face-off versus Antoine Vermette in Flames zone.
3:10 of 1st period - Shot by Mark Stone.
3:10 of 1st period - Deflect By Sidney Crosby.
3:10 of 1st period - Shot Misses the Net.
3:43 of 1st period - Shot by David Perron.
3:43 of 1st period - Stopped by Andrew Hammond without a rebound.
3:44 of 1st period - Anze Kopitar wins face-off versus Mike Hoffman in Senators zone.
3:45 of 1st period - Shot by Alex Tanguay.
3:45 of 1st period - Shot Blocked by Marc Methot.
3:56 of 1st period - Eric Staal is hit by Thomas Hickey and loses puck.
3:59 of 1st period - Shot by Eric Staal.
3:59 of 1st period - Deflect By Mika Zibanejad.
3:59 of 1st period - Shot Misses the Net.
4:01 of 1st period - Shot by Eric Staal.
4:01 of 1st period - Stopped by Ben Bishop with a rebound.
4:03 of 1st period - Shot by Mika Zibanejad.
4:03 of 1st period - Shot Misses the Net.
4:05 of 1st period - Shot by Mike Hoffman.
4:05 of 1st period - Shot Blocked by Kevan Miller.
4:07 of 1st period - Shot by Mike Hoffman.
4:07 of 1st period - Stopped by Ben Bishop with a rebound.
4:09 of 1st period - Shot by Eric Staal.
4:09 of 1st period - Deflect By Mika Zibanejad.
4:09 of 1st period - Stopped by Ben Bishop with a rebound.
4:11 of 1st period - Shot by Duncan Keith.
4:11 of 1st period - Stopped by Ben Bishop without a rebound.
4:12 of 1st period - Marko Dano wins face-off versus Jarret Stoll in Flames zone.
4:43 of 1st period - Minor Penalty to Sergei Gonchar for Tripping.
4:44 of 1st period - Antoine Vermette wins face-off versus Milan Michalek in Senators zone.
4:49 of 1st period - Shot by Alex Tanguay.
4:49 of 1st period - Shot Misses the Net.
5:01 of 1st period - Shot by David Perron.
5:01 of 1st period - Shot Misses the Net.
5:03 of 1st period - Shot by Alex Tanguay.
5:03 of 1st period - Stopped by Andrew Hammond with a rebound.
5:05 of 1st period - Shot by Jack Johnson.
5:05 of 1st period - Shot Misses the Net.
5:07 of 1st period - Shot by Kevan Miller.
5:07 of 1st period - Shot Misses the Net.
5:09 of 1st period - Shot by Antoine Vermette.
5:09 of 1st period - Stopped by Andrew Hammond without a rebound.
5:10 of 1st period - Marko Dano wins face-off versus Jarret Stoll in Senators zone.
5:23 of 1st period - Shot by Erik Johnson.
5:23 of 1st period - Shot Misses the Net.
5:25 of 1st period - Shot by Erik Johnson.
5:25 of 1st period - Stopped by Andrew Hammond with a rebound.
5:27 of 1st period - Shot by Erik Johnson.
5:27 of 1st period - Shot Misses the Net.
5:29 of 1st period - Shot by Jarret Stoll.
5:29 of 1st period - Goal by Jarret Stoll - Senators : 0 - Flames : 1.
5:30 of 1st period - Anze Kopitar wins face-off versus Mike Hoffman in neutral zone.
5:30 of 1st period - Anze Kopitar is hit by Eric Staal.
5:36 of 1st period - Shot by Eric Staal.
5:36 of 1st period - Stopped by Ben Bishop without a rebound.
5:37 of 1st period - Antoine Vermette wins face-off versus Mike Hoffman in Flames zone.
5:37 of 1st period - Antoine Vermette is hit by Mika Zibanejad.
5:54 of 1st period - Andrew Miller is hit by Marc Methot.
6:57 of 1st period - Erik Johnson is hit by Marc Methot and loses puck.
7:11 of 1st period - Icing by Duncan Keith.
7:12 of 1st period - Jarret Stoll wins face-off versus Mike Hoffman in Senators zone.
7:12 of 1st period - Andrej Nestrasil is hit by Marc Methot and loses puck.
7:21 of 1st period - Kevan Miller is hit by Mika Zibanejad and loses puck.
8:07 of 1st period - Shot by Alex Tanguay.
8:07 of 1st period - Goal by Alex Tanguay - Senators : 0 - Flames : 2.
8:07 of 1st period - Tuukka Rask enters game.
8:08 of 1st period - Antoine Vermette wins face-off versus Marko Dano in neutral zone.
8:19 of 1st period - Shot by David Perron.
8:19 of 1st period - Stopped by Tuukka Rask without a rebound.
8:20 of 1st period - Marko Dano wins face-off versus Alex Tanguay in Senators zone.
8:40 of 1st period - Jared Cowen is hit by Anze Kopitar and loses puck.
8:47 of 1st period - Shot by Justin Faulk.
8:47 of 1st period - Shot Misses the Net.
8:49 of 1st period - Shot by Bobby Ryan.
8:49 of 1st period - Stopped by Tuukka Rask without a rebound.
8:50 of 1st period - Pascal Dupuis wins face-off versus Antoine Vermette in Senators zone.
9:07 of 1st period - Shot by Sidney Crosby.
9:07 of 1st period - Shot Misses the Net.
9:27 of 1st period - Shot by Mark Stone.
9:27 of 1st period - Shot Misses the Net.
9:29 of 1st period - Shot by Sidney Crosby.
9:29 of 1st period - Stopped by Ben Bishop with a rebound.
10:00 of 1st period - Off-side.
10:01 of 1st period - Mike Hoffman wins face-off versus Alex Tanguay in neutral zone.
10:01 of 1st period - Mike Hoffman is hit by Bobby Ryan.
10:06 of 1st period - Minor Penalty to Anze Kopitar for Roughing.
10:07 of 1st period - Mika Zibanejad wins face-off versus Jarret Stoll in Flames zone.
10:16 of 1st period - Shot by Jason Garrison.
10:16 of 1st period - Stopped by Ben Bishop without a rebound.
10:17 of 1st period - Sidney Crosby wins face-off versus Jarret Stoll in Flames zone.
10:20 of 1st period - Shot by Eric Staal.
10:20 of 1st period - Shot Misses the Net.
11:28 of 1st period - Shot by Mark Stone.
11:28 of 1st period - Shot Misses the Net.
11:30 of 1st period - Shot by Sergei Gonchar.
11:30 of 1st period - Shot Misses the Net.
11:56 of 1st period - Shot by Alex Tanguay.
11:56 of 1st period - Shot Blocked by Jason Garrison.
12:09 of 1st period - Kevan Miller is hit by Marko Dano and loses puck.
12:15 of 1st period - Minor Penalty to Marko Dano for Tripping.
12:16 of 1st period - Matt Read wins face-off versus Antoine Vermette in Senators zone.
12:25 of 1st period - Shot by David Perron.
12:25 of 1st period - Shot Blocked by Jan Hejda.
12:27 of 1st period - Shot by Kevan Miller.
12:27 of 1st period - Stopped by Tuukka Rask with a rebound.
13:05 of 1st period - Shot by Erik Johnson.
13:05 of 1st period - Shot Misses the Net.
13:57 of 1st period - Shot by Alex Tanguay.
13:57 of 1st period - Goal by Alex Tanguay - Senators : 0 - Flames : 3.
13:58 of 1st period - Matt Cullen wins face-off versus Sidney Crosby in neutral zone.
14:23 of 1st period - Shot by Sidney Crosby.
14:23 of 1st period - Stopped by Ben Bishop without a rebound.
14:24 of 1st period - Mike Hoffman wins face-off versus Antoine Vermette in Flames zone.
14:29 of 1st period - Shot by Eric Staal.
14:29 of 1st period - Stopped by Ben Bishop without a rebound.
14:30 of 1st period - Jarret Stoll wins face-off versus Mike Hoffman in Flames zone.
14:34 of 1st period - Off-side.
14:35 of 1st period - Sidney Crosby wins face-off versus Antoine Vermette in neutral zone.
15:10 of 1st period - Shot by Mark Stone.
15:10 of 1st period - Goal by Mark Stone - Senators : 1 - Flames : 3.
15:11 of 1st period - Anze Kopitar wins face-off versus Mike Hoffman in neutral zone.
15:34 of 1st period - Shot by Anze Kopitar.
15:34 of 1st period - Shot Blocked by Duncan Keith.
15:36 of 1st period - Shot by Justin Faulk.
15:36 of 1st period - Stopped by Tuukka Rask with a rebound.
15:38 of 1st period - Shot by Bobby Ryan.
15:38 of 1st period - Goal by Bobby Ryan - Senators : 1 - Flames : 4.
15:38 of 1st period - Andrew Hammond enters game.
15:39 of 1st period - Jarret Stoll wins face-off versus Marko Dano in neutral zone.
16:13 of 1st period - Milan Michalek is hit by Jarret Stoll and loses puck.
16:45 of 1st period - Shot by Bobby Ryan.
16:45 of 1st period - Shot Blocked by Jason Garrison.
16:57 of 1st period - Jason Garrison is hit by Bobby Ryan and loses puck.
17:07 of 1st period - Minor Penalty to Erik Johnson for Cross-checking.
17:08 of 1st period - Jarret Stoll wins face-off versus Mike Hoffman in Flames zone.
17:21 of 1st period - Shot by Mark Stone.
17:21 of 1st period - Shot Misses the Net.
18:47 of 1st period - Shot by Mike Hoffman.
18:47 of 1st period - Shot Blocked by Jack Johnson.
18:49 of 1st period - Shot by Mika Zibanejad.
18:49 of 1st period - Stopped by Ben Bishop with a rebound.
18:51 of 1st period - Shot by Mika Zibanejad.
18:51 of 1st period - Stopped by Ben Bishop without a rebound.
18:52 of 1st period - Jarret Stoll wins face-off versus Mike Hoffman in Flames zone.
18:52 of 1st period - Jarret Stoll is hit by Mika Zibanejad.
19:18 of 1st period - Shot by Marko Dano.
19:18 of 1st period - Shot Misses the Net.
19:26 of 1st period - Milan Michalek is hit by Bryan Bickell and loses puck.
19:31 of 1st period - Shot by Anze Kopitar.
19:31 of 1st period - Stopped by Andrew Hammond without a rebound.
19:32 of 1st period - Anze Kopitar wins face-off versus Marko Dano in Senators zone.
19:36 of 1st period - Alex Tanguay is hit by Jared Cowen and loses puck.
Goals for this period are 1 for Senators vs 4 for Flames.
Shots for this period are 14 for Senators vs 14 for Flames.

2nd period


0:01 of 2nd period - Anze Kopitar wins face-off versus Mike Hoffman in neutral zone.
0:35 of 2nd period - Icing by Justin Faulk.
0:36 of 2nd period - Anze Kopitar wins face-off versus Sidney Crosby in Flames zone.
0:36 of 2nd period - Anze Kopitar is hit by Pascal Dupuis.
1:17 of 2nd period - Minor Penalty to Jan Hejda for Tripping.
1:18 of 2nd period - Antoine Vermette wins face-off versus Matt Read in Senators zone.
1:55 of 2nd period - Shot by Jack Johnson.
1:55 of 2nd period - Stopped by Andrew Hammond without a rebound.
1:56 of 2nd period - Anze Kopitar wins face-off versus Marko Dano in Senators zone.
1:57 of 2nd period - Shot by Erik Johnson.
1:57 of 2nd period - Shot Blocked by Jason Garrison.
1:59 of 2nd period - Shot by Jarret Stoll.
1:59 of 2nd period - Shot Misses the Net.
2:01 of 2nd period - Shot by Justin Faulk.
2:01 of 2nd period - Stopped by Andrew Hammond with a rebound.
2:45 of 2nd period - Shot by Kevan Miller.
2:45 of 2nd period - Shot Blocked by Chris Phillips.
2:47 of 2nd period - Shot by Jack Johnson.
2:47 of 2nd period - Shot Misses the Net.
2:49 of 2nd period - Shot by Antoine Vermette.
2:49 of 2nd period - Stopped by Andrew Hammond without a rebound.
2:50 of 2nd period - Matt Read wins face-off versus Antoine Vermette in Senators zone.
3:21 of 2nd period - Shot by Andrej Nestrasil.
3:21 of 2nd period - Goal by Andrej Nestrasil - Senators : 1 - Flames : 5.
3:22 of 2nd period - Jarret Stoll wins face-off versus Mike Hoffman in neutral zone.
3:28 of 2nd period - Icing by Marc Methot.
3:29 of 2nd period - Mike Hoffman wins face-off versus Jarret Stoll in Senators zone.
4:39 of 2nd period - Shot by Sidney Crosby.
4:39 of 2nd period - Shot Misses the Net.
4:41 of 2nd period - Shot by Jan Hejda.
4:41 of 2nd period - Stopped by Ben Bishop without a rebound.
4:42 of 2nd period - Marko Dano wins face-off versus Anze Kopitar in Flames zone.
4:42 of 2nd period - Steve Bernier is hit by Jack Johnson and loses puck.
4:47 of 2nd period - Shot by Marko Dano.
4:47 of 2nd period - Deflect By Steve Bernier.
4:47 of 2nd period - Shot Misses the Net.
4:49 of 2nd period - Shot by Chris Phillips.
4:49 of 2nd period - Shot Misses the Net.
4:51 of 2nd period - Shot by Chris Phillips.
4:51 of 2nd period - Shot Blocked by Anze Kopitar.
4:53 of 2nd period - Shot by Marko Dano.
4:53 of 2nd period - Stopped by Ben Bishop without a rebound.
4:54 of 2nd period - Pascal Dupuis wins face-off versus Antoine Vermette in Flames zone.
4:57 of 2nd period - Shot by Sidney Crosby.
4:57 of 2nd period - Stopped by Ben Bishop without a rebound.
4:58 of 2nd period - Sidney Crosby wins face-off versus Anze Kopitar in Flames zone.
5:15 of 2nd period - Shot by Sidney Crosby.
5:15 of 2nd period - Stopped by Ben Bishop without a rebound.
5:16 of 2nd period - Andrew Miller wins face-off versus Mike Hoffman in Flames zone.
5:16 of 2nd period - Andrew Miller is hit by Mika Zibanejad.
5:39 of 2nd period - Shot by David Perron.
5:39 of 2nd period - Stopped by Andrew Hammond with a rebound.
5:49 of 2nd period - Shot by Mika Zibanejad.
5:49 of 2nd period - Shot Blocked by Thomas Hickey.
5:51 of 2nd period - Shot by Mike Hoffman.
5:51 of 2nd period - Stopped by Ben Bishop without a rebound.
5:52 of 2nd period - Sidney Crosby wins face-off versus Anze Kopitar in Flames zone.
5:52 of 2nd period - Jason Garrison is hit by Erik Johnson and loses puck.
6:44 of 2nd period - Minor Penalty to Jarret Stoll for Tripping.
6:45 of 2nd period - Andrej Nestrasil wins face-off versus Mike Hoffman in Flames zone.
7:00 of 2nd period - Shot by Mika Zibanejad.
7:00 of 2nd period - Stopped by Ben Bishop without a rebound.
7:01 of 2nd period - Andrej Nestrasil wins face-off versus Sidney Crosby in Flames zone.
7:56 of 2nd period - Shot by Jan Hejda.
7:56 of 2nd period - Shot Misses the Net.
7:59 of 2nd period - Mike Hoffman is hit by Erik Johnson and loses puck.
8:03 of 2nd period - Mark Stone is hit by Erik Johnson and loses puck.
8:13 of 2nd period - Mark Stone is hit by Erik Johnson and loses puck.
8:32 of 2nd period - Shot by Marko Dano.
8:32 of 2nd period - Shot Misses the Net.
8:44 of 2nd period - Shot by Mike Hoffman.
8:44 of 2nd period - Stopped by Ben Bishop without a rebound.
8:45 of 2nd period - Antoine Vermette wins face-off versus Marko Dano in Flames zone.
8:49 of 2nd period - Off-side.
8:50 of 2nd period - Marko Dano wins face-off versus Jarret Stoll in neutral zone.
8:52 of 2nd period - Duncan Keith is hit by Stephane Robidas and loses puck.
9:00 of 2nd period - Milan Michalek is hit by Jack Johnson and loses puck.
9:01 of 2nd period - Minor Penalty to Jack Johnson for Roughing.
9:02 of 2nd period - Sidney Crosby wins face-off versus Jarret Stoll in Flames zone.
9:03 of 2nd period - Shot by Eric Staal.
9:03 of 2nd period - Stopped by Ben Bishop with a rebound.
9:07 of 2nd period - Shot by Sidney Crosby.
9:07 of 2nd period - Stopped by Ben Bishop without a rebound.
9:08 of 2nd period - Jarret Stoll wins face-off versus Mike Hoffman in Flames zone.
9:29 of 2nd period - Shot by Mark Stone.
9:29 of 2nd period - Shot Misses the Net.
9:31 of 2nd period - Shot by Mike Hoffman.
9:31 of 2nd period - Shot Misses the Net.
9:35 of 2nd period - Shot by Mika Zibanejad.
9:35 of 2nd period - Stopped by Ben Bishop without a rebound.
9:36 of 2nd period - Sidney Crosby wins face-off versus Antoine Vermette in Flames zone.
9:41 of 2nd period - Shot by Pascal Dupuis.
9:41 of 2nd period - Shot Misses the Net.
10:05 of 2nd period - Shot by Eric Staal.
10:05 of 2nd period - Stopped by Ben Bishop without a rebound.
10:06 of 2nd period - Antoine Vermette wins face-off versus Mike Hoffman in Flames zone.
10:25 of 2nd period - Off-side.
10:26 of 2nd period - Sidney Crosby wins face-off versus Jarret Stoll in neutral zone.
10:43 of 2nd period - Shot by Sidney Crosby.
10:43 of 2nd period - Stopped by Ben Bishop without a rebound.
10:44 of 2nd period - Antoine Vermette wins face-off versus Mike Hoffman in Flames zone.
10:53 of 2nd period - Shot by Alex Tanguay.
10:53 of 2nd period - Shot Blocked by Sergei Gonchar.
11:05 of 2nd period - Shot by Milan Michalek.
11:05 of 2nd period - Stopped by Ben Bishop with a rebound.
11:16 of 2nd period - Minor Penalty to Bryan Bickell for Roughing.
11:17 of 2nd period - Jarret Stoll wins face-off versus Sidney Crosby in Flames zone.
11:43 of 2nd period - Minor Penalty to Eric Staal for High sticking.
11:44 of 2nd period - Antoine Vermette wins face-off versus Mark Stone in Senators zone.
12:44 of 2nd period - Justin Faulk is hit by Sidney Crosby and loses puck.
12:53 of 2nd period - Shot by Sidney Crosby.
12:53 of 2nd period - Stopped by Ben Bishop with a rebound.
13:31 of 2nd period - Shot by Jack Johnson.
13:31 of 2nd period - Shot Blocked by Jan Hejda.
13:33 of 2nd period - Shot by Jarret Stoll.
13:33 of 2nd period - Stopped by Andrew Hammond without a rebound.
13:34 of 2nd period - Andrew Miller wins face-off versus Matt Read in Senators zone.
13:43 of 2nd period - Shot by Anze Kopitar.
13:43 of 2nd period - Shot Misses the Net.
14:17 of 2nd period - Shot by Anze Kopitar.
14:17 of 2nd period - Stopped by Andrew Hammond without a rebound.
14:18 of 2nd period - Antoine Vermette wins face-off versus Mark Stone in Senators zone.
14:29 of 2nd period - Shot by David Perron.
14:29 of 2nd period - Shot Misses the Net.
14:46 of 2nd period - Mark Stone is hit by David Perron and loses puck.
15:31 of 2nd period - Shot by Anze Kopitar.
15:31 of 2nd period - Stopped by Andrew Hammond without a rebound.
15:32 of 2nd period - Jarret Stoll wins face-off versus Mike Hoffman in Senators zone.
16:34 of 2nd period - Marc Methot is hit by Bobby Ryan.
17:19 of 2nd period - Shot by Antoine Vermette.
17:19 of 2nd period - Shot Misses the Net.
17:21 of 2nd period - Shot by Antoine Vermette.
17:21 of 2nd period - Stopped by Andrew Hammond without a rebound.
17:22 of 2nd period - Sidney Crosby wins face-off versus Jarret Stoll in Senators zone.
17:26 of 2nd period - Off-side.
17:27 of 2nd period - Sidney Crosby wins face-off versus Antoine Vermette in neutral zone.
17:36 of 2nd period - Shot by Mark Stone.
17:36 of 2nd period - Stopped by Ben Bishop without a rebound.
17:37 of 2nd period - Mike Hoffman wins face-off versus Andrej Nestrasil in Flames zone.
17:57 of 2nd period - Minor Penalty to Erik Johnson for Slashing.
17:58 of 2nd period - Jarret Stoll wins face-off versus Sidney Crosby in Flames zone.
17:58 of 2nd period - Jarret Stoll is hit by Eric Staal.
18:18 of 2nd period - Shot by Pascal Dupuis.
18:18 of 2nd period - Stopped by Ben Bishop without a rebound.
18:19 of 2nd period - Jarret Stoll wins face-off versus Mike Hoffman in Flames zone.
18:34 of 2nd period - Shot by Mike Hoffman.
18:34 of 2nd period - Shot Blocked by Justin Faulk.
18:42 of 2nd period - Shot by Mike Hoffman.
18:42 of 2nd period - Shot Misses the Net.
19:34 of 2nd period - Shot by Eric Staal.
19:34 of 2nd period - Stopped by Ben Bishop with a rebound.
19:36 of 2nd period - Shot by Jan Hejda.
19:36 of 2nd period - Stopped by Ben Bishop without a rebound.
19:37 of 2nd period - Jarret Stoll wins face-off versus Sidney Crosby in Flames zone.
19:55 of 2nd period - Icing by Eric Staal.
19:56 of 2nd period - Sidney Crosby wins face-off versus Jarret Stoll in Senators zone.
Goals for this period are 0 for Senators vs 1 for Flames.
Shots for this period are 18 for Senators vs 9 for Flames.

3rd period


0:01 of 3rd period - Sidney Crosby wins face-off versus Alex Tanguay in neutral zone.
0:04 of 3rd period - Shot by Pascal Dupuis.
0:04 of 3rd period - Shot Misses the Net.
0:12 of 3rd period - Shot by Mark Stone.
0:12 of 3rd period - Shot Misses the Net.
0:14 of 3rd period - Shot by Jason Garrison.
0:14 of 3rd period - Shot Blocked by Erik Johnson.
0:18 of 3rd period - Shot by Sidney Crosby.
0:18 of 3rd period - Goal by Sidney Crosby - Senators : 2 - Flames : 5.
0:19 of 3rd period - David Perron wins face-off versus Mike Hoffman in neutral zone.
0:42 of 3rd period - Shot by Mika Zibanejad.
0:42 of 3rd period - Stopped by Ben Bishop without a rebound.
0:43 of 3rd period - Sidney Crosby wins face-off versus Anze Kopitar in Flames zone.
0:46 of 3rd period - Shot by Sidney Crosby.
0:46 of 3rd period - Deflect By Mark Stone.
0:46 of 3rd period - Goal by Mark Stone - Senators : 3 - Flames : 5.
0:47 of 3rd period - Sidney Crosby wins face-off versus Bobby Ryan in neutral zone.
0:47 of 3rd period - Sidney Crosby is hit by Bobby Ryan.
0:59 of 3rd period - Anze Kopitar is hit by Pascal Dupuis and loses puck.
1:10 of 3rd period - Shot by Mark Stone.
1:10 of 3rd period - Shot Misses the Net.
1:51 of 3rd period - Shot by Mike Hoffman.
1:51 of 3rd period - Stopped by Ben Bishop without a rebound.
1:52 of 3rd period - Marko Dano wins face-off versus Antoine Vermette in Flames zone.
1:57 of 3rd period - Shot by Marko Dano.
1:57 of 3rd period - Stopped by Ben Bishop without a rebound.
1:58 of 3rd period - Antoine Vermette wins face-off versus Mike Hoffman in Flames zone.
2:07 of 3rd period - Shot by David Perron.
2:07 of 3rd period - Stopped by Andrew Hammond without a rebound.
2:08 of 3rd period - Jarret Stoll wins face-off versus Marko Dano in Senators zone.
2:08 of 3rd period - Jarret Stoll is hit by Marc Methot.
2:12 of 3rd period - Shot by Andrej Nestrasil.
2:12 of 3rd period - Shot Blocked by Marko Dano.
2:20 of 3rd period - Shot by Milan Michalek.
2:20 of 3rd period - Shot Misses the Net.
2:22 of 3rd period - Shot by Milan Michalek.
2:22 of 3rd period - Shot Misses the Net.
2:53 of 3rd period - Marko Dano is hit by Stephane Robidas and loses puck.
3:13 of 3rd period - Off-side.
3:14 of 3rd period - Sidney Crosby wins face-off versus Anze Kopitar in neutral zone.
3:40 of 3rd period - Sidney Crosby is hit by Erik Johnson and loses puck.
3:47 of 3rd period - Shot by Sidney Crosby.
3:47 of 3rd period - Shot Misses the Net.
3:49 of 3rd period - Shot by Sidney Crosby.
3:49 of 3rd period - Stopped by Ben Bishop with a rebound.
3:51 of 3rd period - Shot by Chris Phillips.
3:51 of 3rd period - Shot Blocked by Erik Johnson.
3:53 of 3rd period - Shot by Mark Stone.
3:53 of 3rd period - Stopped by Ben Bishop with a rebound.
4:32 of 3rd period - Kevan Miller is hit by Mika Zibanejad and loses puck.
4:42 of 3rd period - Icing by Jason Garrison.
4:43 of 3rd period - Mike Hoffman wins face-off versus Jarret Stoll in Senators zone.
5:48 of 3rd period - Shot by Steve Bernier.
5:48 of 3rd period - Stopped by Ben Bishop without a rebound.
5:49 of 3rd period - Sidney Crosby wins face-off versus Antoine Vermette in Flames zone.
6:08 of 3rd period - Shot by Sidney Crosby.
6:08 of 3rd period - Stopped by Ben Bishop without a rebound.
6:09 of 3rd period - Anze Kopitar wins face-off versus Marko Dano in Flames zone.
7:27 of 3rd period - Shot by Mark Stone.
7:27 of 3rd period - Shot Misses the Net.
7:29 of 3rd period - Shot by Chris Phillips.
7:29 of 3rd period - Stopped by Ben Bishop with a rebound.
7:39 of 3rd period - Shot by Pascal Dupuis.
7:39 of 3rd period - Shot Misses the Net.
7:41 of 3rd period - Shot by Mark Stone.
7:41 of 3rd period - Shot Misses the Net.
7:53 of 3rd period - Shot by Eric Staal.
7:53 of 3rd period - Goal by Eric Staal - Senators : 4 - Flames : 5.
7:54 of 3rd period - Antoine Vermette wins face-off versus Mike Hoffman in neutral zone.
7:54 of 3rd period - Antoine Vermette is hit by Mika Zibanejad.
8:01 of 3rd period - Icing by Jan Hejda.
8:02 of 3rd period - Antoine Vermette wins face-off versus Mike Hoffman in Senators zone.
8:02 of 3rd period - David Perron is hit by Jan Hejda and loses puck.
8:08 of 3rd period - Icing by Jan Hejda.
8:09 of 3rd period - Antoine Vermette wins face-off versus Mike Hoffman in Senators zone.
9:06 of 3rd period - Off-side.
9:07 of 3rd period - Sidney Crosby wins face-off versus Jarret Stoll in neutral zone.
9:11 of 3rd period - Shot by Pascal Dupuis.
9:11 of 3rd period - Deflect By Sidney Crosby.
9:11 of 3rd period - Stopped by Ben Bishop with a rebound.
9:15 of 3rd period - Shot by Mark Stone.
9:15 of 3rd period - Shot Blocked by Jack Johnson.
9:32 of 3rd period - Andrej Nestrasil is hit by Marc Methot and loses puck.
9:58 of 3rd period - Icing by Stephane Robidas.
9:59 of 3rd period - Marko Dano wins face-off versus Jarret Stoll in Flames zone.
10:12 of 3rd period - Jared Cowen is hit by Jarret Stoll and loses puck.
10:35 of 3rd period - Shot by Milan Michalek.
10:35 of 3rd period - Shot Misses the Net.
11:28 of 3rd period - Erik Johnson is hit by Mika Zibanejad and loses puck.
12:00 of 3rd period - Icing by Marc Methot.
12:01 of 3rd period - Antoine Vermette wins face-off versus Sidney Crosby in Senators zone.
13:46 of 3rd period - Icing by Jack Johnson.
13:47 of 3rd period - Mike Hoffman wins face-off versus Jarret Stoll in Flames zone.
13:47 of 3rd period - Mike Hoffman is hit by Stephane Robidas.
13:53 of 3rd period - Shot by Eric Staal.
13:53 of 3rd period - Goal by Eric Staal - Senators : 5 - Flames : 5.
13:54 of 3rd period - Anze Kopitar wins face-off versus Mike Hoffman in neutral zone.
14:21 of 3rd period - Off-side.
14:22 of 3rd period - Mark Stone wins face-off versus Matt Cullen in neutral zone.
14:57 of 3rd period - Jason Garrison is hit by Jarret Stoll and loses puck.
15:02 of 3rd period - Shot by Matt Cullen.
15:02 of 3rd period - Shot Blocked by Pascal Dupuis.
15:04 of 3rd period - Shot by Matt Cullen.
15:04 of 3rd period - Shot Hit the Post.
15:17 of 3rd period - Icing by Justin Faulk.
15:18 of 3rd period - Anze Kopitar wins face-off versus Mike Hoffman in Flames zone.
15:58 of 3rd period - Icing by Justin Faulk.
15:59 of 3rd period - Marko Dano wins face-off versus Anze Kopitar in Flames zone.
16:29 of 3rd period - Icing by Chris Phillips.
16:30 of 3rd period - Antoine Vermette wins face-off versus Marko Dano in Senators zone.
16:57 of 3rd period - Shot by Antoine Vermette.
16:57 of 3rd period - Stopped by Andrew Hammond without a rebound.
16:58 of 3rd period - Jarret Stoll wins face-off versus Mike Hoffman in Senators zone.
17:05 of 3rd period - Shot by Andrej Nestrasil.
17:05 of 3rd period - Deflect By Matt Cullen.
17:05 of 3rd period - Stopped by Andrew Hammond with a rebound.
17:21 of 3rd period - Shot by Mike Hoffman.
17:21 of 3rd period - Shot Misses the Net.
17:23 of 3rd period - Shot by Mike Hoffman.
17:23 of 3rd period - Deflect By Mika Zibanejad.
17:23 of 3rd period - Stopped by Ben Bishop with a rebound.
17:51 of 3rd period - Shot by Mark Stone.
17:51 of 3rd period - Stopped by Ben Bishop without a rebound.
17:52 of 3rd period - Sidney Crosby wins face-off versus Anze Kopitar in Flames zone.
17:58 of 3rd period - Minor Penalty to Justin Faulk for Hooking.
17:59 of 3rd period - Jarret Stoll wins face-off versus Sidney Crosby in Flames zone.
17:59 of 3rd period - Jarret Stoll is hit by Eric Staal.
18:19 of 3rd period - Shot by Eric Staal.
18:19 of 3rd period - Stopped by Ben Bishop without a rebound.
18:20 of 3rd period - Alex Tanguay wins face-off versus Mike Hoffman in Flames zone.
18:20 of 3rd period - Alex Tanguay is hit by Mike Hoffman.
18:34 of 3rd period - Shot by Mark Stone.
18:34 of 3rd period - Stopped by Ben Bishop without a rebound.
18:35 of 3rd period - Antoine Vermette wins face-off versus Sidney Crosby in Flames zone.
19:38 of 3rd period - Icing by Mike Hoffman.
19:39 of 3rd period - Antoine Vermette wins face-off versus Mike Hoffman in Senators zone.
Goals for this period are 4 for Senators vs 0 for Flames.
Shots for this period are 17 for Senators vs 3 for Flames.

Overtime #1


0:01 of 1st overtime period - Antoine Vermette wins face-off versus Sidney Crosby in neutral zone.
0:03 of 1st overtime period - Off-side.
0:04 of 1st overtime period - Antoine Vermette wins face-off versus Sidney Crosby in neutral zone.
0:06 of 1st overtime period - Justin Faulk is hit by Eric Staal and loses puck.
0:24 of 1st overtime period - Minor Penalty to Sidney Crosby for Hooking.
0:25 of 1st overtime period - Matt Read wins face-off versus Antoine Vermette in Senators zone.
1:34 of 1st overtime period - Shot by Alex Tanguay.
1:34 of 1st overtime period - Stopped by Andrew Hammond with a rebound.
1:43 of 1st overtime period - Icing by Erik Johnson.
1:44 of 1st overtime period - Jarret Stoll wins face-off versus Mika Zibanejad in Flames zone.
1:57 of 1st overtime period - Shot by Erik Johnson.
1:57 of 1st overtime period - Shot Misses the Net.
1:59 of 1st overtime period - Shot by Erik Johnson.
1:59 of 1st overtime period - Shot Misses the Net.
2:01 of 1st overtime period - Shot by Erik Johnson.
2:01 of 1st overtime period - Shot Blocked by Sergei Gonchar.
2:03 of 1st overtime period - Shot by Erik Johnson.
2:03 of 1st overtime period - Stopped by Andrew Hammond without a rebound.
2:04 of 1st overtime period - Antoine Vermette wins face-off versus Matt Read in Senators zone.
3:44 of 1st overtime period - Off-side.
3:45 of 1st overtime period - Jarret Stoll wins face-off versus Sidney Crosby in neutral zone.
4:02 of 1st overtime period - Shot by Sidney Crosby.
4:02 of 1st overtime period - Stopped by Ben Bishop without a rebound.
4:03 of 1st overtime period - Antoine Vermette wins face-off versus Mike Hoffman in Flames zone.
4:03 of 1st overtime period - Antoine Vermette is hit by Mark Stone.
4:19 of 1st overtime period - Antoine Vermette is hit by Mike Hoffman and loses puck.
4:39 of 1st overtime period - Icing by Jan Hejda.
4:40 of 1st overtime period - Jarret Stoll wins face-off versus Mike Hoffman in Senators zone.
Goals for this period are 0 for Senators vs 0 for Flames.
Shots for this period are 1 for Senators vs 2 for Flames.

ShootOut


5:00 of 1st overtime period - Penalty Shot by Sidney Crosby for Senators.
5:00 of 1st overtime period - Goal by Sidney Crosby.
5:00 of 1st overtime period - Penalty Shot by Andrew Miller for Flames.
5:00 of 1st overtime period - Stopped by Andrew Hammond.
5:00 of 1st overtime period - Penalty Shot by Mark Stone for Senators.
5:00 of 1st overtime period - Goal by Mark Stone.
5:00 of 1st overtime period - Penalty Shot by Antoine Vermette for Flames.
5:00 of 1st overtime period - Goal by Antoine Vermette.
5:00 of 1st overtime period - Penalty Shot by Eric Staal for Senators.
5:00 of 1st overtime period - Goal by Eric Staal.